Canucks vs Blues
(R2)
Created - 12 janvier 2017 at 06:54
Goals
|
| Canucks |
0 |
3 |
3 |
6 |
| Blues |
1 |
1 |
0 |
2 |
|
Shots
|
| Canucks |
10 |
13 |
11 |
34 |
| Blues |
8 |
8 |
12 |
28 |
|
1st period
1. Blues , Nicklas Backstrom 11 (Joe Pavelski, Nik Antropov) at 5:15
Penalties :
Paul Kariya (STL) for Cross-checking (Minor) at 1:12, Drew Fata (STL) for Hooking (Minor) at 13:49, Ryan Parent (Van) for Hooking (Minor) at 18:27
2nd period
2. Blues , David Perron 17 (Joe Pavelski, Nicklas Backstrom) at 2:38
3. Canucks , Mike Ribeiro 13 (Ben Lovejoy, Maxim Afinogenov) at 2:48
4. Canucks , Tom Poti 1 (Maxim Afinogenov, Milan Michalek) at 7:13
5. Canucks , Alex Goligoski 10 (Maxim Afinogenov, Milan Michalek) at 10:58 (PP)
Penalties :
Nicklas Backstrom (STL) for Tripping (Minor) at 2:54, Jake Gardiner (STL) for Hooking (Minor) at 7:16, Nicklas Backstrom (STL) for Roughing (Minor) at 10:52, Steve McCarthy (STL) for Hooking (Minor) at 16:05
3rd period
6. Canucks , Matt Stajan 13 (Martin St. Louis) at 0:30
7. Canucks , Clarke MacArthur 10 (Martin St. Louis, Alex Goligoski) at 3:53 (PP)
8. Canucks , Martin Hanzal 3 (Ryan Parent, Patrick Eaves) at 12:17
Penalties :
Milan Michalek (Van) for Holding (Minor) at 0:47, Steve McCarthy (STL) for Boarding (Minor) at 3:16, Tom Poti (Van) for Diving (Minor) at 5:29, Ben Lovejoy (Van) for Hooking (Minor) at 9:15, Travis Zajac (STL) for Fighting (Major) at 18:37, Martin St. Louis (Van) for Fighting (Major) at 18:37
Goalie Stats
Carey Price (Van), 26 saves from 28 shots - (0,929), W, 14-14-2, 60:00 minutes
Tuukka Rask (STL), 28 saves from 34 shots - (0,824), L, 12-10-3, 60:00 minutes
Players Stats for Canucks
Player Name G A P +/- PIM S H SB GA TA FO MP PP MP PK MP
------------------------------------------------------------------------------------
Alex Goligoski 1 1 2 2 0 3 2 3 1 0 0/0 27:49 6:20 4:35
Alex Tanguay 0 0 0 0 0 0 3 1 0 0 1/1 10:26 0:00 1:44
Ben Lovejoy 0 1 1 2 2 3 0 2 1 0 0/0 26:25 6:20 3:21
Brendon Nash 0 0 0 1 0 0 0 0 0 0 0/0 12:50 0:00 1:46
Clarke MacArthur 1 0 1 0 0 2 3 0 0 0 0/1 16:59 4:44 1:44
Jiri Hudler 0 0 0 0 0 1 3 0 0 0 0/0 9:52 0:35 0:00
Josh Beaulieu 0 0 0 0 0 0 0 0 0 0 0/0 8:35 0:00 0:00
Martin Hanzal 1 0 1 0 0 1 0 0 0 0 4/5 8:35 0:00 0:00
Martin St. Louis 0 2 2 0 5 5 2 1 0 0 1/1 16:49 4:44 1:54
Matt Stajan 1 0 1 0 0 2 2 0 1 1 5/12 17:10 4:44 1:54
Maxim Afinogenov 0 3 3 2 0 2 2 0 3 0 1/7 22:56 5:19 4:18
Maxim Lapierre 0 0 0 0 0 2 1 0 0 1 1/1 9:32 0:35 0:00
Mike Ribeiro 1 0 1 2 0 3 1 0 0 1 15/31 23:06 5:22 4:18
Milan Michalek 0 2 2 2 2 3 3 0 0 0 0/1 18:40 5:19 0:00
Patrick Eaves 0 1 1 0 0 2 2 1 0 0 0/0 9:18 0:32 0:00
Ryan Parent 0 1 1 1 2 0 0 0 0 1 0/0 11:30 0:00 0:18
Sami Lepisto 0 0 0 -1 0 3 1 1 0 3 0/0 21:07 4:18 3:21
Tom Poti 1 0 1 -1 2 2 1 0 0 2 0/0 20:20 4:18 2:31
Players Stats for Blues
Player Name G A P +/- PIM S H SB GA TA FO MP PP MP PK MP
------------------------------------------------------------------------------------
Alex Pietrangelo 0 0 0 -2 0 5 1 3 1 0 0/0 23:05 5:05 0:22
Bryce Lampman 0 0 0 -2 0 1 1 2 0 1 0/0 26:11 2:51 6:49
Darren Reid 0 0 0 0 0 1 0 0 1 0 0/0 6:54 0:00 0:00
David Perron 1 0 1 1 0 2 3 0 0 1 1/1 17:31 3:00 0:00
Drew Fata 0 0 0 -1 2 1 3 1 1 0 0/0 15:46 0:00 3:32
Jake Gardiner 0 0 0 1 2 0 0 0 0 0 0/0 20:55 5:05 1:20
Joe Pavelski 0 2 2 1 0 2 1 1 2 0 1/1 19:35 4:56 0:00
Kevin Porter 0 0 0 0 0 0 1 0 0 0 1/4 7:20 0:00 0:26
Nicklas Backstrom 1 1 2 1 4 7 2 0 0 0 23/32 21:01 4:56 1:12
Nik Antropov 0 1 1 -1 0 3 1 0 1 2 2/14 15:42 0:00 5:39
Paul Kariya 0 0 0 0 2 0 0 0 0 0 0/0 6:54 0:00 0:00
Sergei Shirokov 0 0 0 -2 0 1 2 2 0 0 0/0 16:11 3:00 3:21
Steve McCarthy 0 0 0 -1 4 1 1 1 0 0 0/0 13:38 0:00 3:12
Taylor Hall 0 0 0 -2 0 3 1 0 2 1 0/0 16:07 4:56 1:41
Taylor Pyatt 0 0 0 -1 0 0 2 0 0 0 1/1 15:39 0:00 5:36
Tomas Kopecky 0 0 0 -1 0 0 1 2 0 0 0/0 10:00 0:00 0:00
Travis Hamonic 0 0 0 1 0 1 0 2 0 1 0/0 20:51 2:51 6:01
Travis Zajac 0 0 0 -2 5 0 2 0 1 0 3/7 15:54 3:00 3:21
3 Stars
1 - Alex Goligoski (Van)
2 - Maxim Afinogenov (Van)
3 - David Perron (STL)
Power Play
Canucks - 2 on 7 Attempt(s) - 28,57%
Blues - 0 on 4 Attempt(s) - 0,00%
Penalty Kill
Canucks - 4 on 4 Attempt(s) - 100,00%
- Score 0 goal in Penalty Kill
Blues - 5 on 7 Attempt(s) - 71,43%
- Score 0 goal in Penalty Kill
Team Stat
Canucks - Hits : 26 - Faceoff Wins : 28 - Blocked Shots : 9 - Penalty Minutes : 13
Blues - Hits : 22 - Faceoff Wins : 32 - Blocked Shots : 14 - Penalty Minutes : 19
Official
Referees : Joannette Marc and Jackson Dave
Linesman : Greg Devorski and Derek Amell
Game Notes
Travis Zajac and Martin St. Louis fight to a draw at 18:37 of 3rd period
Finance
Level 1 -- Attendance: 5385 (89,75%) -- Ticket Income 452 340 $
Level 2 -- Attendance: 4907 (98,14%) -- Ticket Income 255 164 $
Level 3 -- Attendance: 1778 (88,90%) -- Ticket Income 53 340 $
Level 4 -- Attendance: 3849 (96,23%) -- Ticket Income 73 131 $
Luxury Box -- Attendance: 796 (79,60%) -- Ticket Income 134 524 $
Game was played at the Scotttrade center.
Total Attendance: 16715 (92,86%)
Total Ticket Income: 968 499 $
Other Income: 145 275 $
Total Income: 1 113 774 $
Canucks
5 vs 5 Forward
Center Left Wing Right Wing Time % Phy DF OF
1 Mike Ribeiro Milan Michalek Maxim Afinogenov 40 1 2 2
2 Matt Stajan Clarke MacArthur Martin St. Louis 30 1 2 2
3 Maxim Lapierre Alex Tanguay Jiri Hudler 20 1 2 2
4 Martin Hanzal Josh Beaulieu Patrick Eaves 10 1 2 2
5 vs 5 Defense
Defense Defense Time % Phy DF OF
1 Alex Goligoski Ben Lovejoy 40 1 2 2
2 Tom Poti Sami Lepisto 30 1 2 2
3 Ryan Parent Brendon Nash 20 1 2 2
4 Alex Goligoski Ben Lovejoy 10 1 2 2
PowerPlay Forward
Center Left Wing Right Wing Time % Phy DF OF
1 Mike Ribeiro Milan Michalek Maxim Afinogenov 60 1 2 2
2 Matt Stajan Clarke MacArthur Martin St. Louis 40 1 2 2
PowerPlay Defense
Defense Defense Time % Phy DF OF
1 Alex Goligoski Ben Lovejoy 60 1 2 2
2 Tom Poti Sami Lepisto 40 1 2 2
Penalty Kill 4 Players Forward
Center Wing Time % Phy DF OF
1 Maxim Afinogenov Mike Ribeiro 60 1 2 2
2 Martin St. Louis Matt Stajan 40 1 2 2
Penalty Kill 4 Players Defense
Defense Defense Time % Phy DF OF
1 Alex Goligoski Ben Lovejoy 60 1 2 2
2 Tom Poti Sami Lepisto 40 1 2 2
Penalty Kill - 3 Players Forward
Forward Time % Phy DF OF
1 Maxim Afinogenov 60 1 2 2
2 Mike Ribeiro 40 1 2 2
Penalty Kill - 3 Players Defense
Defense Defense Time % Phy DF OF
1 Alex Goligoski Ben Lovejoy 60 1 2 2
2 Tom Poti Sami Lepisto 40 1 2 2
4 vs 4 Forward
Center Wing Time % Phy DF OF
1 Maxim Afinogenov Mike Ribeiro 60 1 2 2
2 Martin St. Louis Matt Stajan 40 1 2 2
4 vs 4 Defense
Defense Defense Time % Phy DF OF
1 Alex Goligoski Ben Lovejoy 60 1 2 2
2 Tom Poti Sami Lepisto 40 1 2 2
Last Minutes Offensive
Center Left Wing Right Wing Defense Defense
Mike Ribeiro Milan Michalek Maxim Afinogenov Alex Goligoski Ben Lovejoy
Last Minutes Defensive
Center Left Wing Right Wing Defense Defense
Mike Ribeiro Milan Michalek Maxim Afinogenov Alex Goligoski Ben Lovejoy
Goaltenders
Starting : Carey Price
Backup : Ray Emery
Extra Forwards
Normal : Jiri Hudler, Maxim Lapierre, Alex Tanguay - PP : Jiri Hudler, Maxim Lapierre - PK : Alex Tanguay
Extra Defensemen
Normal : Ryan Parent, Brendon Nash, Tom Poti - PP : Ryan Parent - PK : Brendon Nash, Tom Poti
Penalty Shots
Maxim Afinogenov, Mike Ribeiro, Martin St. Louis, Matt Stajan, Milan Michalek
Blues
5 vs 5 Forward
Center Left Wing Right Wing Time % Phy DF OF
1 Nicklas Backstrom David Perron Joe Pavelski 40 1 2 2
2 Travis Zajac Taylor Hall Sergei Shirokov 30 1 2 2
3 Nik Antropov Taylor Pyatt Tomas Kopecky 20 1 2 2
4 Kevin Porter Paul Kariya Darren Reid 10 1 2 2
5 vs 5 Defense
Defense Defense Time % Phy DF OF
1 Bryce Lampman Alex Pietrangelo 40 1 2 2
2 Travis Hamonic Jake Gardiner 30 1 2 2
3 Drew Fata Steve McCarthy 20 1 2 2
4 Jake Gardiner Drew Fata 10 1 2 2
PowerPlay Forward
Center Left Wing Right Wing Time % Phy DF OF
1 Nicklas Backstrom Taylor Hall Joe Pavelski 60 1 2 2
2 Travis Zajac David Perron Sergei Shirokov 40 1 2 2
PowerPlay Defense
Defense Defense Time % Phy DF OF
1 Jake Gardiner Alex Pietrangelo 60 1 2 2
2 Travis Hamonic Bryce Lampman 40 1 2 2
Penalty Kill 4 Players Forward
Center Wing Time % Phy DF OF
1 Nik Antropov Taylor Pyatt 60 1 2 2
2 Travis Zajac Sergei Shirokov 40 1 2 2
Penalty Kill 4 Players Defense
Defense Defense Time % Phy DF OF
1 Travis Hamonic Bryce Lampman 60 1 2 2
2 Steve McCarthy Drew Fata 40 1 2 2
Penalty Kill - 3 Players Forward
Forward Time % Phy DF OF
1 Nik Antropov 60 1 2 2
2 Taylor Pyatt 40 1 2 2
Penalty Kill - 3 Players Defense
Defense Defense Time % Phy DF OF
1 Travis Hamonic Drew Fata 60 1 2 2
2 Bryce Lampman Jake Gardiner 40 1 2 2
4 vs 4 Forward
Center Wing Time % Phy DF OF
1 Travis Zajac David Perron 60 1 2 2
2 Nicklas Backstrom Taylor Hall 40 1 2 2
4 vs 4 Defense
Defense Defense Time % Phy DF OF
1 Bryce Lampman Alex Pietrangelo 60 1 2 2
2 Drew Fata Jake Gardiner 40 1 2 2
Last Minutes Offensive
Center Left Wing Right Wing Defense Defense
Nicklas Backstrom David Perron Joe Pavelski Jake Gardiner Alex Pietrangelo
Last Minutes Defensive
Center Left Wing Right Wing Defense Defense
Nik Antropov David Perron Darren Reid Bryce Lampman Drew Fata
Goaltenders
Starting : Tuukka Rask
Backup : Jeff Deslauriers
Extra Forwards
Normal : Nicklas Backstrom, Sergei Shirokov, Tomas Kopecky - PP : Nicklas Backstrom, David Perron - PK : Taylor Pyatt
Extra Defensemen
Normal : Drew Fata, Steve McCarthy, Jake Gardiner - PP : Bryce Lampman - PK : Travis Hamonic, Jake Gardiner
Penalty Shots
David Perron, Joe Pavelski, Travis Zajac, Nik Antropov, Sergei Shirokov
% Time on Ice - Canucks
Lines # - Real PCT - Wanted PCT - Time Play
Normal Forward
1 - 33% - 40% - 13:40
2 - 25% - 30% - 10:32
3 - 21% - 20% - 8:39
4 - 21% - 10% - 8:35
Normal Defense
1 - 40% - 40% - 16:28
2 - 33% - 30% - 13:28
3 - 27% - 20% - 11:04
4 - 1% - 10% - 0:26
PP Forward
1 - 55% - 60% - 5:54
2 - 45% - 40% - 4:44
PP Defense
1 - 60% - 60% - 6:20
2 - 40% - 40% - 4:18
PK Forward
1 - 76% - 60% - 6:02
2 - 24% - 40% - 1:54
PK Defense
1 - 58% - 60% - 4:35
2 - 42% - 40% - 3:21
PK3 Forward
1 - 0% - 60%
2 - 0% - 40%
PK3 Defense
1 - 0% - 60%
2 - 0% - 40%
44 Forward
1 - 0% - 60%
2 - 0% - 40%
44 Defense
1 - 0% - 60%
2 - 0% - 40%
Last Minute Offensive - 0:00
Last Minute Defensive - 0:00
Total
Forward - 60:00
Defense - 60:00
|
% Time on Ice - Blues
Lines # - Real PCT - Wanted PCT - Time Play
Normal Forward
1 - 35% - 40% - 14:42
2 - 24% - 30% - 9:50
3 - 24% - 20% - 10:00
4 - 17% - 10% - 6:54
Normal Defense
1 - 42% - 40% - 17:17
2 - 32% - 30% - 13:26
3 - 21% - 20% - 8:43
4 - 5% - 10% - 2:00
PP Forward
1 - 62% - 60% - 4:56
2 - 38% - 40% - 3:00
PP Defense
1 - 64% - 60% - 5:05
2 - 36% - 40% - 2:51
PK Forward
1 - 68% - 60% - 7:17
2 - 32% - 40% - 3:21
PK Defense
1 - 57% - 60% - 6:05
2 - 43% - 40% - 4:33
PK3 Forward
1 - 0% - 60%
2 - 0% - 40%
PK3 Defense
1 - 0% - 60%
2 - 0% - 40%
44 Forward
1 - 0% - 60%
2 - 0% - 40%
44 Defense
1 - 0% - 60%
2 - 0% - 40%
Last Minute Offensive - 0:00
Last Minute Defensive - 0:00
Total
Forward - 60:00
Defense - 60:00
|
Play by Play
1st period
0:01 of 1st period - Nicklas Backstrom wins face-off versus Mike Ribeiro in neutral zone.
1:12 of 1st period - Minor Penalty to Paul Kariya for Cross-checking.
1:13 of 1st period - Matt Stajan wins face-off versus Nik Antropov in Blues zone.
1:13 of 1st period - Snap shot by Martin St. Louis.
1:13 of 1st period - Stopped by Tuukka Rask without a rebound.
1:14 of 1st period - Matt Stajan wins face-off versus Nik Antropov in Blues zone.
2:40 of 1st period - Travis Zajac is hit by Patrick Eaves and loses puck.
3:12 of 1st period - Penalty to Paul Kariya is over, Paul Kariya is back on ice.
3:19 of 1st period - David Perron is hit by Matt Stajan and loses puck.
3:26 of 1st period - Matt Stajan is hit by Bryce Lampman and loses puck.
3:43 of 1st period - Alex Goligoski is hit by Drew Fata and loses puck.
4:12 of 1st period - Martin Hanzal is hit by Alex Pietrangelo and loses puck.
5:15 of 1st period - Slapshot by Nicklas Backstrom.
5:15 of 1st period - Goal by Nicklas Backstrom - Canucks : 0 - Blues : 1.
5:16 of 1st period - Nicklas Backstrom wins face-off versus Matt Stajan in neutral zone.
5:19 of 1st period - Tom Poti is hit by David Perron and loses puck.
5:26 of 1st period - Slapshot by Sami Lepisto.
5:26 of 1st period - Stopped by Tuukka Rask without a rebound.
5:27 of 1st period - Joe Pavelski wins face-off versus Matt Stajan in Blues zone.
5:50 of 1st period - Martin St. Louis is hit by Nicklas Backstrom.
6:11 of 1st period - Wrist shot by Martin St. Louis.
6:11 of 1st period - Stopped by Tuukka Rask without a rebound.
6:12 of 1st period - Mike Ribeiro wins face-off versus Travis Zajac in Blues zone.
6:18 of 1st period - Snap shot by Maxim Afinogenov.
6:18 of 1st period - Shot Blocked by Alex Pietrangelo.
6:22 of 1st period - Wrist shot by Milan Michalek.
6:22 of 1st period - Stopped by Tuukka Rask with a rebound.
6:24 of 1st period - Slapshot by Brendon Nash.
6:24 of 1st period - Shot Blocked by Alex Pietrangelo.
6:26 of 1st period - Wrist shot by Maxim Afinogenov.
6:26 of 1st period - Stopped by Tuukka Rask with a rebound.
6:28 of 1st period - Snap shot by Maxim Afinogenov.
6:28 of 1st period - Stopped by Tuukka Rask without a rebound.
6:29 of 1st period - Maxim Lapierre wins face-off versus Nicklas Backstrom in Blues zone.
6:43 of 1st period - Slapshot by Alex Goligoski.
6:43 of 1st period - Stopped by Tuukka Rask with a rebound.
6:45 of 1st period - Slapshot by Alex Goligoski.
6:45 of 1st period - Shot Blocked by Steve McCarthy.
7:20 of 1st period - Alex Pietrangelo is hit by Patrick Eaves.
7:59 of 1st period - Joe Pavelski is hit by Mike Ribeiro and loses puck.
8:14 of 1st period - Snap shot by Nicklas Backstrom.
8:14 of 1st period - Stopped by Carey Price with a rebound.
8:22 of 1st period - Slapshot by Alex Goligoski.
8:22 of 1st period - Shot Misses the Net.
8:24 of 1st period - Snap shot by Alex Tanguay.
8:24 of 1st period - Shot Blocked by Bryce Lampman.
8:36 of 1st period - Slapshot by Taylor Pyatt.
8:36 of 1st period - Shot Blocked by Alex Goligoski.
8:44 of 1st period - Slapshot by Nik Antropov.
8:44 of 1st period - Shot Misses the Net.
8:46 of 1st period - Slapshot by Nik Antropov.
8:46 of 1st period - Shot Blocked by Patrick Eaves.
9:23 of 1st period - Snap shot by Joe Pavelski.
9:23 of 1st period - Stopped by Carey Price with a rebound.
10:41 of 1st period - Wrist shot by Maxim Afinogenov.
10:41 of 1st period - Shot Blocked by Drew Fata.
11:28 of 1st period - Travis Hamonic is hit by Clarke MacArthur and loses puck.
11:53 of 1st period - Snap shot by Mike Ribeiro.
11:53 of 1st period - Stopped by Tuukka Rask with a rebound.
12:34 of 1st period - Slapshot by Maxim Lapierre.
12:34 of 1st period - Stopped by Tuukka Rask with a rebound.
13:03 of 1st period - Snap shot by Maxim Afinogenov.
13:03 of 1st period - Shot Misses the Net.
13:05 of 1st period - Snap shot by Ben Lovejoy.
13:05 of 1st period - Stopped by Tuukka Rask without a rebound.
13:06 of 1st period - Matt Stajan wins face-off versus Nik Antropov in Blues zone.
13:15 of 1st period - Matt Stajan is hit by Taylor Pyatt and loses puck.
13:32 of 1st period - Mike Ribeiro is hit by David Perron and loses puck.
13:49 of 1st period - Minor Penalty to Drew Fata for Hooking.
13:50 of 1st period - Nik Antropov wins face-off versus Mike Ribeiro in Blues zone.
14:08 of 1st period - Nik Antropov is hit by Milan Michalek and loses puck.
15:05 of 1st period - Clarke MacArthur is hit by Steve McCarthy and loses puck.
15:49 of 1st period - Penalty to Drew Fata is over, Drew Fata is back on ice.
16:26 of 1st period - Slapshot by Alex Pietrangelo.
16:26 of 1st period - Shot Hit the Post.
16:30 of 1st period - Snap shot by Nicklas Backstrom.
16:30 of 1st period - Shot Misses the Net.
16:32 of 1st period - Wrist shot by Joe Pavelski.
16:32 of 1st period - Stopped by Carey Price without a rebound.
16:33 of 1st period - Matt Stajan wins face-off versus Kevin Porter in Canucks zone.
16:41 of 1st period - Icing by Ben Lovejoy.
16:42 of 1st period - Kevin Porter wins face-off versus Matt Stajan in Canucks zone.
16:53 of 1st period - Snap shot by Kevin Porter.
16:53 of 1st period - Deflect By Darren Reid.
16:53 of 1st period - Stopped by Carey Price without a rebound.
16:54 of 1st period - Nicklas Backstrom wins face-off versus Mike Ribeiro in Canucks zone.
17:07 of 1st period - Snap shot by Nicklas Backstrom.
17:07 of 1st period - Stopped by Carey Price with a rebound.
17:19 of 1st period - Clarke MacArthur is hit by Travis Zajac and loses puck.
18:27 of 1st period - Minor Penalty to Ryan Parent for Hooking.
18:28 of 1st period - Nicklas Backstrom wins face-off versus Maxim Afinogenov in Canucks zone.
18:29 of 1st period - Snap shot by Alex Pietrangelo.
18:29 of 1st period - Stopped by Carey Price without a rebound.
18:30 of 1st period - Maxim Afinogenov wins face-off versus Nicklas Backstrom in Canucks zone.
18:55 of 1st period - Alex Goligoski is hit by Joe Pavelski and loses puck.
19:20 of 1st period - Wrist shot by Nicklas Backstrom.
19:20 of 1st period - Shot Blocked by Sami Lepisto.
19:22 of 1st period - Slapshot by Nicklas Backstrom.
19:22 of 1st period - Stopped by Carey Price with a rebound.
Goals for this period are 0 for Canucks vs 1 for Blues.
Shots for this period are 10 for Canucks vs 8 for Blues.
2nd period
0:01 of 2nd period - Nicklas Backstrom wins face-off versus Maxim Afinogenov in neutral zone.
0:07 of 2nd period - Wrist shot by Nicklas Backstrom.
0:07 of 2nd period - Stopped by Carey Price with a rebound.
0:09 of 2nd period - Slapshot by Taylor Hall.
0:09 of 2nd period - Stopped by Carey Price with a rebound.
0:11 of 2nd period - Snap shot by Taylor Hall.
0:11 of 2nd period - Stopped by Carey Price without a rebound.
0:12 of 2nd period - Nicklas Backstrom wins face-off versus Maxim Afinogenov in Canucks zone.
0:19 of 2nd period - Wrist shot by Nicklas Backstrom.
0:19 of 2nd period - Shot Blocked by Alex Goligoski.
0:27 of 2nd period - Penalty to Ryan Parent is over, Ryan Parent is back on ice.
1:01 of 2nd period - Snap shot by Alex Goligoski.
1:01 of 2nd period - Deflect By Martin St. Louis.
1:01 of 2nd period - Stopped by Tuukka Rask without a rebound.
1:02 of 2nd period - Matt Stajan wins face-off versus Kevin Porter in Blues zone.
1:03 of 2nd period - Snap shot by Martin St. Louis.
1:03 of 2nd period - Stopped by Tuukka Rask without a rebound.
1:04 of 2nd period - Nicklas Backstrom wins face-off versus Matt Stajan in Blues zone.
2:01 of 2nd period - Snap shot by Alex Pietrangelo.
2:01 of 2nd period - Stopped by Carey Price with a rebound.
2:36 of 2nd period - Slapshot by Joe Pavelski.
2:36 of 2nd period - Shot Misses the Net.
2:38 of 2nd period - Snap shot by David Perron.
2:38 of 2nd period - Goal by David Perron - Canucks : 0 - Blues : 2.
2:39 of 2nd period - Mike Ribeiro wins face-off versus Nicklas Backstrom in neutral zone.
2:42 of 2nd period - Slapshot by Alex Goligoski.
2:42 of 2nd period - Shot Blocked by Travis Hamonic.
2:44 of 2nd period - Slapshot by Alex Goligoski.
2:44 of 2nd period - Shot Hit the Post.
2:46 of 2nd period - Wrist shot by Maxim Afinogenov.
2:46 of 2nd period - Shot Blocked by Travis Hamonic.
2:48 of 2nd period - Slapshot by Ben Lovejoy.
2:48 of 2nd period - Deflect By Mike Ribeiro.
2:48 of 2nd period - Goal by Mike Ribeiro - Canucks : 1 - Blues : 2.
2:49 of 2nd period - Mike Ribeiro wins face-off versus Nicklas Backstrom in neutral zone.
2:52 of 2nd period - Slapshot by Ben Lovejoy.
2:52 of 2nd period - Stopped by Tuukka Rask with a rebound.
2:54 of 2nd period - Minor Penalty to Nicklas Backstrom for Tripping.
2:55 of 2nd period - Nik Antropov wins face-off versus Mike Ribeiro in Blues zone.
2:55 of 2nd period - Nik Antropov is hit by Maxim Afinogenov.
3:09 of 2nd period - Slapshot by Nik Antropov.
3:09 of 2nd period - Stopped by Carey Price with a rebound.
4:54 of 2nd period - Penalty to Nicklas Backstrom is over, Nicklas Backstrom is back on ice.
5:10 of 2nd period - Wrist shot by Maxim Lapierre.
5:10 of 2nd period - Stopped by Tuukka Rask with a rebound.
5:44 of 2nd period - Clarke MacArthur is hit by Kevin Porter and loses puck.
6:17 of 2nd period - Icing by Josh Beaulieu.
6:18 of 2nd period - Taylor Pyatt wins face-off versus Martin Hanzal in Canucks zone.
7:11 of 2nd period - Slapshot by Maxim Afinogenov.
7:11 of 2nd period - Shot Blocked by Sergei Shirokov.
7:13 of 2nd period - Slapshot by Tom Poti.
7:13 of 2nd period - Goal by Tom Poti - Canucks : 2 - Blues : 2.
7:14 of 2nd period - Nicklas Backstrom wins face-off versus Mike Ribeiro in neutral zone.
7:16 of 2nd period - Minor Penalty to Jake Gardiner for Hooking.
7:17 of 2nd period - Mike Ribeiro wins face-off versus Nik Antropov in Blues zone.
7:57 of 2nd period - Nik Antropov is hit by Sami Lepisto and loses puck.
8:45 of 2nd period - Bryce Lampman is hit by Clarke MacArthur and loses puck.
8:56 of 2nd period - Snap shot by Taylor Hall.
8:56 of 2nd period - Shot Misses the Net.
9:12 of 2nd period - Icing by Ben Lovejoy.
9:13 of 2nd period - Mike Ribeiro wins face-off versus Nik Antropov in Canucks zone.
9:16 of 2nd period - Penalty to Jake Gardiner is over, Jake Gardiner is back on ice.
9:34 of 2nd period - Slapshot by Jiri Hudler.
9:34 of 2nd period - Stopped by Tuukka Rask with a rebound.
10:52 of 2nd period - Minor Penalty to Nicklas Backstrom for Roughing.
10:53 of 2nd period - Mike Ribeiro wins face-off versus Nik Antropov in Blues zone.
10:58 of 2nd period - Snap shot by Alex Goligoski.
10:58 of 2nd period - Deflect By Taylor Pyatt.
10:58 of 2nd period - Goal by Alex Goligoski - Canucks : 3 - Blues : 2.
10:59 of 2nd period - Mike Ribeiro wins face-off versus Nicklas Backstrom in neutral zone.
11:26 of 2nd period - Mike Ribeiro is hit by Nik Antropov and loses puck.
11:55 of 2nd period - Sergei Shirokov is hit by Matt Stajan and loses puck.
12:19 of 2nd period - Snap shot by David Perron.
12:19 of 2nd period - Shot Hit the Post.
12:21 of 2nd period - Snap shot by David Perron.
12:21 of 2nd period - Shot Misses the Net.
12:23 of 2nd period - Wrist shot by Joe Pavelski.
12:23 of 2nd period - Shot Misses the Net.
12:25 of 2nd period - Slapshot by Travis Hamonic.
12:25 of 2nd period - Stopped by Carey Price with a rebound.
12:35 of 2nd period - Slapshot by Darren Reid.
12:35 of 2nd period - Deflect By Paul Kariya.
12:35 of 2nd period - Shot Misses the Net.
12:35 of 2nd period - Puck is out of play.
12:36 of 2nd period - Martin Hanzal wins face-off versus Kevin Porter in Canucks zone.
13:12 of 2nd period - Snap shot by Nicklas Backstrom.
13:12 of 2nd period - Stopped by Carey Price without a rebound.
13:13 of 2nd period - Mike Ribeiro wins face-off versus Travis Zajac in Canucks zone.
13:13 of 2nd period - Mike Ribeiro is hit by Taylor Hall.
13:21 of 2nd period - Snap shot by Sami Lepisto.
13:21 of 2nd period - Shot Blocked by Bryce Lampman.
13:23 of 2nd period - Wrist shot by Mike Ribeiro.
13:23 of 2nd period - Stopped by Tuukka Rask without a rebound.
13:24 of 2nd period - Nicklas Backstrom wins face-off versus Mike Ribeiro in Blues zone.
13:34 of 2nd period - Off-side.
13:35 of 2nd period - Nicklas Backstrom wins face-off versus Mike Ribeiro in neutral zone.
13:46 of 2nd period - Slapshot by Alex Pietrangelo.
13:46 of 2nd period - Shot Blocked by Alex Goligoski.
13:48 of 2nd period - Slapshot by Bryce Lampman.
13:48 of 2nd period - Shot Misses the Net.
13:50 of 2nd period - Slapshot by Bryce Lampman.
13:50 of 2nd period - Shot Misses the Net.
13:52 of 2nd period - Wrist shot by Nicklas Backstrom.
13:52 of 2nd period - Shot Blocked by Ben Lovejoy.
14:07 of 2nd period - Martin St. Louis is hit by Drew Fata.
14:13 of 2nd period - Slapshot by Taylor Hall.
14:13 of 2nd period - Shot Blocked by Martin St. Louis.
14:29 of 2nd period - Alex Goligoski is hit by Tomas Kopecky and loses puck.
14:44 of 2nd period - Backhand shot by Patrick Eaves.
14:44 of 2nd period - Shot Misses the Net.
14:46 of 2nd period - Slapshot by Tom Poti.
14:46 of 2nd period - Stopped by Tuukka Rask without a rebound.
14:47 of 2nd period - Martin Hanzal wins face-off versus Nicklas Backstrom in Blues zone.
14:54 of 2nd period - Slapshot by Patrick Eaves.
14:54 of 2nd period - Shot Misses the Net.
14:56 of 2nd period - Slapshot by Sami Lepisto.
14:56 of 2nd period - Stopped by Tuukka Rask without a rebound.
14:57 of 2nd period - Nicklas Backstrom wins face-off versus Mike Ribeiro in Blues zone.
15:28 of 2nd period - Snap shot by Martin St. Louis.
15:28 of 2nd period - Shot Misses the Net.
15:36 of 2nd period - Snap shot by Sergei Shirokov.
15:36 of 2nd period - Shot Misses the Net.
16:00 of 2nd period - Wrist shot by Matt Stajan.
16:00 of 2nd period - Stopped by Tuukka Rask with a rebound.
16:02 of 2nd period - Snap shot by Clarke MacArthur.
16:02 of 2nd period - Stopped by Tuukka Rask without a rebound.
16:03 of 2nd period - Nicklas Backstrom wins face-off versus Milan Michalek in Blues zone.
16:05 of 2nd period - Minor Penalty to Steve McCarthy for Hooking.
16:06 of 2nd period - Mike Ribeiro wins face-off versus Nik Antropov in Blues zone.
17:05 of 2nd period - Maxim Afinogenov is hit by Sergei Shirokov and loses puck.
18:05 of 2nd period - Penalty to Steve McCarthy is over, Steve McCarthy is back on ice.
18:39 of 2nd period - Jiri Hudler is hit by Travis Zajac and loses puck.
18:48 of 2nd period - Travis Zajac is hit by Alex Tanguay and loses puck.
19:21 of 2nd period - Wrist shot by Matt Stajan.
19:21 of 2nd period - Shot Misses the Net.
19:49 of 2nd period - Drew Fata is hit by Maxim Lapierre and loses puck.
Goals for this period are 3 for Canucks vs 1 for Blues.
Shots for this period are 13 for Canucks vs 8 for Blues.
3rd period
0:01 of 3rd period - Mike Ribeiro wins face-off versus Nicklas Backstrom in neutral zone.
0:14 of 3rd period - Snap shot by Milan Michalek.
0:14 of 3rd period - Shot Misses the Net.
0:16 of 3rd period - Snap shot by Milan Michalek.
0:16 of 3rd period - Stopped by Tuukka Rask without a rebound.
0:17 of 3rd period - Martin St. Louis wins face-off versus Travis Zajac in Blues zone.
0:26 of 3rd period - Wrist shot by Martin St. Louis.
0:26 of 3rd period - Stopped by Tuukka Rask with a rebound.
0:28 of 3rd period - Wrist shot by Martin St. Louis.
0:28 of 3rd period - Shot Misses the Net.
0:30 of 3rd period - Snap shot by Matt Stajan.
0:30 of 3rd period - Goal by Matt Stajan - Canucks : 4 - Blues : 2.
0:31 of 3rd period - David Perron wins face-off versus Mike Ribeiro in neutral zone.
0:47 of 3rd period - Minor Penalty to Milan Michalek for Holding.
0:48 of 3rd period - Nicklas Backstrom wins face-off versus Maxim Afinogenov in Canucks zone.
2:36 of 3rd period - Sergei Shirokov is hit by Alex Tanguay and loses puck.
2:47 of 3rd period - Penalty to Milan Michalek is over, Milan Michalek is back on ice.
2:59 of 3rd period - Snap shot by Patrick Eaves.
2:59 of 3rd period - Stopped by Tuukka Rask without a rebound.
3:00 of 3rd period - Martin Hanzal wins face-off versus Nik Antropov in Blues zone.
3:11 of 3rd period - Snap shot by Patrick Eaves.
3:11 of 3rd period - Stopped by Tuukka Rask without a rebound.
3:12 of 3rd period - Mike Ribeiro wins face-off versus Nik Antropov in Blues zone.
3:16 of 3rd period - Minor Penalty to Steve McCarthy for Boarding.
3:17 of 3rd period - Mike Ribeiro wins face-off versus Nik Antropov in Blues zone.
3:44 of 3rd period - Travis Zajac is hit by Martin St. Louis and loses puck.
3:51 of 3rd period - Snap shot by Clarke MacArthur.
3:51 of 3rd period - Shot Blocked by Sergei Shirokov.
3:53 of 3rd period - Snap shot by Clarke MacArthur.
3:53 of 3rd period - Deflect By Sergei Shirokov.
3:53 of 3rd period - Goal by Clarke MacArthur - Canucks : 5 - Blues : 2.
3:54 of 3rd period - Mike Ribeiro wins face-off versus Nicklas Backstrom in neutral zone.
4:09 of 3rd period - Wrist shot by Milan Michalek.
4:09 of 3rd period - Stopped by Tuukka Rask with a rebound.
4:21 of 3rd period - Clarke MacArthur is hit by Sergei Shirokov and loses puck.
4:26 of 3rd period - Wrist shot by Taylor Hall.
4:26 of 3rd period - Shot Misses the Net.
4:28 of 3rd period - Slapshot by Taylor Hall.
4:28 of 3rd period - Shot Blocked by Ben Lovejoy.
5:29 of 3rd period - Minor Penalty to Tom Poti for Diving.
5:30 of 3rd period - Nicklas Backstrom wins face-off versus Maxim Afinogenov in Canucks zone.
6:58 of 3rd period - Icing by Sergei Shirokov.
6:59 of 3rd period - Alex Tanguay wins face-off versus Travis Zajac in Blues zone.
7:29 of 3rd period - Penalty to Tom Poti is over, Tom Poti is back on ice.
7:52 of 3rd period - Nik Antropov is hit by Jiri Hudler and loses puck.
8:20 of 3rd period - Snap shot by Nik Antropov.
8:20 of 3rd period - Stopped by Carey Price with a rebound.
8:22 of 3rd period - Snap shot by Bryce Lampman.
8:22 of 3rd period - Shot Blocked by Alex Tanguay.
8:28 of 3rd period - Nik Antropov is hit by Jiri Hudler and loses puck.
8:42 of 3rd period - Icing by Bryce Lampman.
8:43 of 3rd period - Mike Ribeiro wins face-off versus Nik Antropov in Blues zone.
8:46 of 3rd period - Slapshot by Maxim Afinogenov.
8:46 of 3rd period - Deflect By Mike Ribeiro.
8:46 of 3rd period - Shot Blocked by Tomas Kopecky.
8:46 of 3rd period - Puck is out of play.
8:47 of 3rd period - Nicklas Backstrom wins face-off versus Mike Ribeiro in Blues zone.
9:15 of 3rd period - Minor Penalty to Ben Lovejoy for Hooking.
9:16 of 3rd period - Nicklas Backstrom wins face-off versus Maxim Afinogenov in Canucks zone.
9:17 of 3rd period - Slapshot by Alex Pietrangelo.
9:17 of 3rd period - Stopped by Carey Price without a rebound.
9:18 of 3rd period - Nicklas Backstrom wins face-off versus Mike Ribeiro in Canucks zone.
9:33 of 3rd period - Slapshot by Jake Gardiner.
9:33 of 3rd period - Shot Misses the Net.
9:43 of 3rd period - Alex Goligoski is hit by David Perron and loses puck.
9:54 of 3rd period - Snap shot by David Perron.
9:54 of 3rd period - Shot Misses the Net.
11:08 of 3rd period - Sergei Shirokov is hit by Martin St. Louis and loses puck.
11:15 of 3rd period - Penalty to Ben Lovejoy is over, Ben Lovejoy is back on ice.
11:23 of 3rd period - Slapshot by Nik Antropov.
11:23 of 3rd period - Stopped by Carey Price without a rebound.
11:24 of 3rd period - Martin Hanzal wins face-off versus Nik Antropov in Canucks zone.
11:24 of 3rd period - Martin Hanzal is hit by Drew Fata.
11:46 of 3rd period - Patrick Eaves is hit by Taylor Pyatt and loses puck.
12:09 of 3rd period - Wrist shot by Martin Hanzal.
12:09 of 3rd period - Shot Hit the Post.
12:11 of 3rd period - Slapshot by Ryan Parent.
12:11 of 3rd period - Shot Blocked by Tomas Kopecky.
12:17 of 3rd period - Snap shot by Martin Hanzal.
12:17 of 3rd period - Goal by Martin Hanzal - Canucks : 6 - Blues : 2.
12:18 of 3rd period - Nicklas Backstrom wins face-off versus Mike Ribeiro in neutral zone.
12:26 of 3rd period - Milan Michalek is hit by Nicklas Backstrom and loses puck.
12:31 of 3rd period - Slapshot by Nicklas Backstrom.
12:31 of 3rd period - Stopped by Carey Price with a rebound.
12:33 of 3rd period - Snap shot by Alex Pietrangelo.
12:33 of 3rd period - Shot Misses the Net.
12:53 of 3rd period - Wrist shot by Matt Stajan.
12:53 of 3rd period - Shot Blocked by Alex Pietrangelo.
13:11 of 3rd period - Paul Kariya is hit by Alex Tanguay and loses puck.
13:32 of 3rd period - Slapshot by Alex Pietrangelo.
13:32 of 3rd period - Stopped by Carey Price with a rebound.
13:34 of 3rd period - Wrist shot by Alex Pietrangelo.
13:34 of 3rd period - Stopped by Carey Price without a rebound.
13:35 of 3rd period - Mike Ribeiro wins face-off versus Nicklas Backstrom in Canucks zone.
14:02 of 3rd period - Travis Zajac is hit by Clarke MacArthur and loses puck.
15:05 of 3rd period - Darren Reid is hit by Maxim Afinogenov and loses puck.
15:18 of 3rd period - Snap shot by Maxim Afinogenov.
15:18 of 3rd period - Shot Misses the Net.
15:47 of 3rd period - Drew Fata is hit by Alex Goligoski and loses puck.
16:06 of 3rd period - Snap shot by Mike Ribeiro.
16:06 of 3rd period - Shot Misses the Net.
16:14 of 3rd period - Snap shot by David Perron.
16:14 of 3rd period - Shot Misses the Net.
16:16 of 3rd period - Snap shot by Drew Fata.
16:16 of 3rd period - Stopped by Carey Price with a rebound.
16:18 of 3rd period - Snap shot by Steve McCarthy.
16:18 of 3rd period - Stopped by Carey Price without a rebound.
16:19 of 3rd period - Travis Zajac wins face-off versus Matt Stajan in Canucks zone.
16:28 of 3rd period - Wrist shot by Taylor Hall.
16:28 of 3rd period - Stopped by Carey Price without a rebound.
16:29 of 3rd period - Travis Zajac wins face-off versus Matt Stajan in Canucks zone.
16:32 of 3rd period - Slapshot by Sergei Shirokov.
16:32 of 3rd period - Stopped by Carey Price without a rebound.
16:33 of 3rd period - Nicklas Backstrom wins face-off versus Mike Ribeiro in Canucks zone.
16:38 of 3rd period - Wrist shot by David Perron.
16:38 of 3rd period - Stopped by Carey Price with a rebound.
16:44 of 3rd period - Slapshot by Nicklas Backstrom.
16:44 of 3rd period - Shot Misses the Net.
16:46 of 3rd period - Snap shot by Bryce Lampman.
16:46 of 3rd period - Stopped by Carey Price with a rebound.
17:32 of 3rd period - Slapshot by Alex Pietrangelo.
17:32 of 3rd period - Deflect By Tomas Kopecky.
17:32 of 3rd period - Shot Misses the Net.
17:32 of 3rd period - Puck is out of play.
17:33 of 3rd period - Nicklas Backstrom wins face-off versus Mike Ribeiro in Canucks zone.
17:49 of 3rd period - Joe Pavelski is hit by Milan Michalek.
17:53 of 3rd period - Jake Gardiner is hit by Tom Poti.
18:21 of 3rd period - Snap shot by Mike Ribeiro.
18:21 of 3rd period - Shot Misses the Net.
18:23 of 3rd period - Slapshot by Milan Michalek.
18:23 of 3rd period - Shot Misses the Net.
18:25 of 3rd period - Snap shot by Sami Lepisto.
18:25 of 3rd period - Deflect By Jake Gardiner.
18:25 of 3rd period - Stopped by Tuukka Rask without a rebound.
18:26 of 3rd period - Travis Zajac wins face-off versus Clarke MacArthur in Blues zone.
18:26 of 3rd period - Travis Zajac is hit by Alex Goligoski.
18:37 of 3rd period - Travis Zajac and Martin St. Louis fight to a draw.
18:37 of 3rd period - Penalty to Travis Zajac for Fighting.
18:37 of 3rd period - Penalty to Martin St. Louis for Fighting.
18:38 of 3rd period - Nicklas Backstrom wins face-off versus Mike Ribeiro in Blues zone.
18:47 of 3rd period - Snap shot by Alex Goligoski.
18:47 of 3rd period - Deflect By Joe Pavelski.
18:47 of 3rd period - Stopped by Tuukka Rask without a rebound.
18:48 of 3rd period - Nicklas Backstrom wins face-off versus Mike Ribeiro in Blues zone.
19:01 of 3rd period - Slapshot by Ben Lovejoy.
19:01 of 3rd period - Stopped by Tuukka Rask with a rebound.
19:03 of 3rd period - Wrist shot by Alex Goligoski.
19:03 of 3rd period - Shot Blocked by Joe Pavelski.
19:07 of 3rd period - Snap shot by Mike Ribeiro.
19:07 of 3rd period - Shot Misses the Net.
19:09 of 3rd period - Snap shot by Mike Ribeiro.
19:09 of 3rd period - Deflect By Maxim Afinogenov.
19:09 of 3rd period - Shot Misses the Net.
19:09 of 3rd period - Puck is out of play.
19:10 of 3rd period - Nicklas Backstrom wins face-off versus Matt Stajan in Blues zone.
19:10 of 3rd period - Nicklas Backstrom is hit by Jiri Hudler.
19:41 of 3rd period - Drew Fata is hit by Milan Michalek and loses puck.
Goals for this period are 3 for Canucks vs 0 for Blues.
Shots for this period are 11 for Canucks vs 12 for Blues.
Back to the Top